 Dungeon Crawl Stone Soup version 0.18.1-50-g88ac8fd (webtiles) character file.

183 Gargoyl the Skirmisher (level 5, -1/42 HPs)
             Began as a Demonspawn Abyssal Knight on Oct 29, 2016.
             Was a Believer of Lugonu.
             Slain by an ogre
             ... wielding a +0 giant spiked club
              (23 damage)
             ... on level 4 of the Dungeon.
             The game lasted 00:07:20 (2955 turns).

Gargoyl the Skirmisher (Demonspawn Abyssal Knight)  Turns: 2955, Time: 00:07:20

Health: -1/42      AC: 13    Str: 14    XL:     5   Next: 35%
Magic:  7/7        EV:  3    Int: 13    God:    Lugonu [**....]
Gold:   145        SH:  3    Dex: 12    Spells: 0 memorised, 4 levels left

rFire  + . .     SeeInvis .     a - +2 hand axe
rCold  . . .     Gourm    .     i - +2 plate armour {rPois}
rNeg   . . .     Faith    .     f - +0 buckler
rPois  +         Spirit   .     (helmet restricted)
rElec  .         Dismiss  .     (no cloak)
rCorr  .         Reflect  .     (no gloves)
SustAt .         Harm     .     (no boots)
MR     .....                    (no amulet)
Stlth  ..........               l - ring of protection from fire
                                g - ring of poison resistance

@: not resistant to hostile enchantments, extremely unstealthy
A: horns 1
a: Depart the Abyss, Bend Space, Renounce Religion


You were on level 4 of the Dungeon.
You worshipped Lugonu.
Lugonu was pleased with you.
You were not hungry.

You visited 1 branch of the dungeon, and saw 4 of its levels.
You visited the Abyss 1 time.

You collected 145 gold pieces.

Inventory:

Hand Weapons
 a - a +2 hand axe (weapon)
Missiles
 k - 7 poisoned tomahawks (quivered)
Armour
 f - a +0 buckler (worn)
 i - a +2 plate armour of poison resistance (worn)
Jewellery
 g - a ring of poison resistance (left hand)
 l - a ring of protection from fire (right hand)
 m - a +3 ring of evasion {unknown}
 n - an uncursed amulet of harm {unknown}
Scrolls
 b - 2 scrolls of remove curse
 e - a scroll of teleportation
 o - a scroll of amnesia {unknown}
 p - a scroll of identify
Potions
 d - a potion of curing {unknown}
 j - a potion of might {unknown}
Comestibles
 c - 3 bread rations
 h - 2 meat rations
 q - 3 chunks of flesh


   Skills:
 + Level 4.1 Fighting
 + Level 2.5 Axes
 * Level 3.3 Armour
 + Level 1.2 Dodging
 + Level 0.3 Shields
 * Level 3.3 Invocations


You had 4 spell levels left.
You didn't know any spells.

Dungeon Overview and Level Annotations

Branches:
Dungeon (4/15)
 Temple: D:4-7

Altars:
Ashenzari
Kikubaaqudgha
Nemelex Xobeh
Ru
Sif Muna
The Shining One


Innate Abilities, Weirdness & Mutations

You have a pair of small horns on your head.


Message History

You kill the worker ant!
Lugonu accepts your kill.
There is a stone staircase leading down here.
You climb downwards.
The ogre hits you with a giant spiked club!
There is a stone staircase leading up here.
You hit the ogre. Your headbutt misses the ogre.
The ogre is lightly wounded.
The ogre hits you with a giant spiked club!
You completely miss the ogre.
The ogre is lightly wounded.
The ogre barely misses you.
Your shield and plate armour prevent you from hitting the ogre.
The ogre is lightly wounded.
The ogre hits you with a giant spiked club.
You hit the ogre.
The ogre is lightly wounded.
The ogre hits you with a giant spiked club!!
Ouch! That really hurt!
You die...

#............
#............
###...........
............#
........$...#
...[........#
............#
.......O....#
.%.....@....#
...##########
.


You could see an ogre.

Vanquished Creatures
  A centaur skeleton (D:3)
  A worker ant (D:3)
  A worker ant zombie (D:3)
  4 adders
  An ooze (D:2)
  4 dart slugs
  2 giant geckos
  4 orcs (D:3)
  3 giant cockroaches
  10 goblins
  5 hobgoblins
  4 jackals (D:2)
  A ball python skeleton (D:3)
  8 bats
  4 giant newts
  8 kobolds
  7 rats
  A plant (D:1)
69 creatures vanquished.

Vanquished Creatures (collateral kills)
  A giant newt (D:1)
1 creature vanquished.

Grand Total: 70 creatures vanquished

Notes
Turn   | Place    | Note
--------------------------------------------------------------
     0 | Abyss:1  | Gargoyl the Demonspawn Abyssal Knight began the quest for the Orb.
     0 | Abyss:1  | Reached XP level 1. HP: 18/18 MP: 2/2
    42 | Abyss:2  | Noticed a neqoxec
    43 | D:1      | Escaped the Abyss
   104 | D:1      | Reached * piety under Lugonu
   241 | D:1      | Gained mutation: You have a pair of small horns on your head. [demonic ancestry]
   241 | D:1      | Reached XP level 2. HP: 22/24 MP: 3/3
   516 | D:1      | Found a glowing golden altar of the Shining One.
   960 | D:1      | Reached skill level 1 in Dodging
  1404 | D:2      | Reached XP level 3. HP: 30/30 MP: 4/4
  1411 | D:2      | Found a shattered altar of Ashenzari.
  1510 | D:2      | Reached ** piety under Lugonu
  1676 | D:2      | Found an ancient bone altar of Kikubaaqudgha.
  2121 | D:3      | Reached XP level 4. HP: 29/37 MP: 6/6
  2480 | D:3      | Reached skill level 4 in Fighting
  2482 | D:3      | Reached XP level 5. HP: 25/42 MP: 7/7
  2810 | D:3      | Found a sacrificial altar of Ru.
  2810 | D:3      | Found a sparkling altar of Nemelex Xobeh.
  2811 | D:3      | Found a deep blue altar of Sif Muna.
  2931 | D:4      | Noticed an ogre
  2955 | D:4      | Slain by an ogre

Skill      XL: |  1  2  3  4 |
---------------+-------------+-----
Axes           | 2 |  2.5
Dodging        | 1 |  1.2
Armour         | 2 3 |  3.3
Invocations    | 3 |  3.3
Fighting       | 4 |  4.1
Shields        | |  0.3

Action                   |  1- 3 |  4- 6 || total
-------------------------+-------+-------++-------
Melee: Hand axe          |   146 |    96 ||   242
       Headbutt          |    24 |    14 ||    38
Invok: Depart the Abyss  |     1 |       ||     1
  Use: Scroll            |     8 |       ||     8
  Eat: Chunk             |     3 |     4 ||     7
Armor: Plate armour      |    89 |   103 ||   192
       Leather armour    |     6 |       ||     6
Dodge: Dodged            |    30 |    20 ||    50
Block: Buckler           |    14 |    13 ||    27
